 Dungeon Crawl Stone Soup version 0.20-a0-1074-g6a0a8e1 (webtiles) character file.

117 JeffiDaFish the Conjurer (level 4, -10/34 HPs)
             Began as a Draconian Conjurer on Apr 29, 2017.
             Killed from afar by Sigmund (12 damage)
             ... with a puff of flame
             ... on level 2 of the Dungeon.
             The game lasted 00:04:43 (2303 turns).

JeffiDaFish the Conjurer (Draconian Conjurer)       Turns: 2303, Time: 00:04:43

Health: -10/34     AC:  5    Str: 10    XL:     4   Next: 71%
Magic:  3/7        EV: 12    Int: 21    God:
Gold:   64         SH:  0    Dex: 14    Spells: 4/8 levels left

rFire    . . .     SeeInvis +   g - +4 hand axe
rCold    . . .     Gourm    .   (no shield)
rNeg     . . .     Faith    .   (armour unavailable)
rPois    .         Spirit   .   (helmet restricted)
rElec    .         Reflect  .   (no cloak)
rCorr    .         Harm     .   (no gloves)
MR       .....                  (no boots)
Stlth    +.........             (no amulet)
Regen    0.2/turn               d - ring of see invisible
MPRegen  0.1/turn               (no ring)

@: confused, brilliant
A: unfitting armour, agile 1, low mp 1, cold-blooded, MP-powered wands, AC +5
a: no special abilities


You were on level 2 of the Dungeon.
You were not hungry.

You visited 1 branch of the dungeon, and saw 2 of its levels.

You collected 64 gold pieces.

Inventory:

Hand Weapons
 g - a +4 hand axe (weapon)
Jewellery
 d - a ring of see invisible (left hand)
Scrolls
 f - a scroll of remove curse
 j - a scroll of identify
Books
 a - a book of Conjurations

   Spells                             Type                      Level
   a - Magic Dart                     Conjuration                  1
   b - Searing Ray                    Conjuration                  2
   c - Dazzling Spray                 Conjuration/Hexes            3
   d - Fulminant Prism                Conjuration/Hexes            4
   e - Force Lance                    Conjuration/Translocation    4
   f - Iskenderun's Mystic Blast      Conjuration                  4
Comestibles
 b - a bread ration
 c - 2 meat rations
 h - 3 chunks of flesh


   Skills:
 + Level 0.7 Fighting
   Level 1.3 Maces & Flails
 + Level 2.1 Dodging
 + Level 1.8 Stealth
 + Level 0.6 Unarmed Combat
 + Level 2.7 Spellcasting
 + Level 5.0 Conjurations
 + Level 0.1 Hexes


You had 4 spell levels left.
You knew the following spells:

 Your Spells              Type           Power        Failure   Level  Hunger
a - Magic Dart            Conj           ####         1%          1    None
b - Dazzling Spray        Conj/Hex       ####..       1%          3    ###....


Dungeon Overview and Level Annotations

Branches:
Dungeon (2/15)

Altars:

Annotations:
D:2 Sigmund


Innate Abilities, Weirdness & Mutations

Your plain brown scales are hard. (AC +5)
You cannot fit into any form of body armour.
You are cold-blooded and may be slowed by cold attacks.
You are agile. (Dex +2)
Your magical capacity is low. (-10% MP)
You expend magic power (3 MP) to strengthen your wands.


Message History

Sigmund casts a spell at you.
You are more confused.
Sigmund gestures at you while chanting.
You are more confused.
Sigmund points at you and mumbles some strange words.
The magic dart hits you!
* * * LOW HITPOINT WARNING * * *
You bump into the rock wall.
Sigmund casts a spell at you. The magic dart hits you!
* * * LOW HITPOINT WARNING * * *
You bump into the rock wall.
Sigmund casts a spell at you. You resist with some effort.
You're too confused to move!
Sigmund gestures wildly while chanting.
Sigmund flickers and vanishes for a moment.
Sigmund gestures at you while chanting. The puff of flame hits you!
You die...

#.# #.####.###....
#.###............##
#.#.# ##.........
#..# #...###.##
#.## ##.## #.# #@#
#.# #.# #.#
###.####.# #.#
#.....)..# #@#
#.#.######
#####.######.#.#
#..........).#.#
#.###.########.#
........# #.#
######### #.# ..


You could see Sigmund (invisible).

Vanquished Creatures
  Jessica (D:2)
  4 adders (D:2)
  An ooze (D:1)
  3 worms (D:2)
  A dart slug (D:2)
  A leopard gecko (D:1)
  2 giant cockroaches (D:1)
  9 goblins
  5 hobgoblins
  A jackal (D:2)
  5 kobolds
  A quokka (D:2)
  A ball python (D:2)
  3 bats
  A frilled lizard (D:2)
  4 rats
43 creatures vanquished.

Notes
Turn   | Place    | Note
-------+----------+-------------------------------------------
     0 | D:1      | JeffiDaFish the Draconian Conjurer began the quest for the Orb.
     0 | D:1      | Reached XP level 1. HP: 14/14 MP: 3/3
   438 | D:1      | Reached XP level 2. HP: 17/20 MP: 0/5
  1310 | D:2      | Reached XP level 3. HP: 26/26 MP: 6/6
  1318 | D:2      | Learned a level 3 spell: Dazzling Spray
  1986 | D:2      | Reached XP level 4. HP: 26/34 MP: 2/7
  2166 | D:2      | Noticed Jessica
  2172 | D:2      | Killed Jessica
  2172 | D:2      | Reached skill level 1 in Maces & Flails
  2172 | D:2      | Reached skill level 5 in Conjurations
  2251 | D:2      | Gained mutation: You expend magic power (3 MP) to strengthen your wands. [potion of mutation]
  2251 | D:2      | Gained mutation: Your magical capacity is low. (-10% MP) [potion of mutation]
  2251 | D:2      | Gained mutation: You are agile. (Dex +2) [potion of mutation]
  2282 | D:2      | Noticed Sigmund
  2303 | D:2      | Killed from afar by Sigmund

Vault maps used:
D:1:      dpeg_arrival_more_subterranean_lakeside_camping
D:2:      uniq_jessica, uniq_sigmund

Skill      XL: |  1  2  3  4 |
---------------+-------------+-----
Dodging        | 2 |  2.1
Maces & Flails | 1 |  1.3
Conjurations   | 5 |  5.0
Fighting       | |  0.7
Stealth        | |  1.8
Unarmed Combat | |  0.6
Spellcasting   | |  2.7
Hexes          | |  0.1

Action                   |  1- 3 |  4- 6 || total
-------------------------+-------+-------++-------
Melee: Unarmed           |    48 |       ||    48
       Tailslap          |     8 |     3 ||    11
       Mace              |    37 |    23 ||    60
       Hand axe          |       |     3 ||     3
 Cast: Magic Dart        |    51 |    17 ||    68
       Dazzling Spray    |     1 |     1 ||     2
  Use: Scroll            |     3 |     1 ||     4
       Potion            |     2 |     3 ||     5
 Stab: Sleeping          |     3 |     1 ||     4
       Invisible         |       |     1 ||     1
  Eat: Chunk             |     4 |     2 ||     6
Armor: Skin              |    31 |     7 ||    38
Dodge: Dodged            |    48 |    26 ||    74
